Cogmind - Beta 15 @@@ ROGUE MODE // 2025.08.11 @ 21:35:34 Player: WitherScout Result: Destroyed by S-43 Plague with Heavy Machine Gun Performance ------------- Evolutions (8) 4000 Regions Visited (13) 2600 Robots Destroyed (21) 105 Value Destroyed (677) 677 Prototype IDs (7) 140 Alien Tech Used (0) 0 Bonus (0) 0 TOTAL SCORE: 7522 Bonus ------- None Cogmind --------- Core Integrity 0/1450 Matter 70/300 Energy 99/100 System Corruption 0% Temperature Cool (0) Movement Core (50) Location -2/Research Parts ------- > --- POWER (4) -------- (None) > --- PROPULSION (6) --- (None) > --- UTILITY (10) ----- (None) > --- WEAPON (3) ------- (None) > --- INVENTORY (5) ---- Light Deuterium Engine Light Particle Reactor Micro Antimatter Reactor Small Storage Unit Enhanced Coil Gun Peak State ------------ > --- POWER ------------ (None) > --- PROPULSION ------- Improved VTOL Module Improved Cesium-ion Thruster Cooled VTOL Module > --- UTILITY ---------- Advanced Weight Redist. System Advanced Sensor Array Hacking Suite Advanced Corruption Screen Advanced Corruption Screen Advanced Corruption Screen Advanced Recalibrator Advanced Recalibrator > --- WEAPON ----------- Heavy Mace > --- INVENTORY -------- Light Particle Reactor Small Storage Unit Advanced Weight Redist. System Enhanced Coil Gun Compact Mass Driver [Rating: 70] Favorites ----------- Power Light Ion Engine Engine Light Ion Engine Power Core Fission Core Reactor Light Particle Reactor Propulsion Improved VTOL Module Leg Aluminum Leg Hover Unit Hover Unit Flight Unit Improved VTOL Module Utility Hacking Suite Device Advanced Weight Redist. System Storage Small Storage Unit Processor Advanced Corruption Screen Hackware Hacking Suite Protection Hardened Light Armor Plating Weapon Light Assault Rifle Ballistic Gun Light Assault Rifle Ballistic Cannon Compact Mass Driver Launcher Rocket Array Special Weapon Mining Laser Impact Weapon Heavy Mace Build | -11 -10 -9 -9 -8 -7 -6 -6 -6 -5 -5 -4 -3 -2 ------- Run | Yrd Mat Mat Min Mat Fac Fac Low Low Fac Ext Fac Res Res Slots Evolved 16 | . . 2 . 2 2 2 . . 2 . 2 2 2 Power 3 | . . . . . 1 . . . . . 1 1 . Propulsion 4 | . . 1 . 1 . 1 . . 1 . . . . Utility 8 | . . . . 1 1 1 . . 1 . 1 1 2 Weapon 1 | . . 1 . . . . . . . . . . . Parts Attached 57 | 6 2 11 . 3 3 8 1 1 5 4 2 3 8 Power 7 | 1 . . . . 2 . 1 . 1 . . 1 1 Engine 4 | 1 . . . . 2 . . . . . . . 1 Core 2 | . . . . . . . 1 . 1 . . . . Reactor 1 | . . . . . . . . . . . . 1 . Propulsion 18 | 2 2 3 . 2 . 3 . . 2 2 . 1 1 Treads . | . . . . . . . . . . . . . . Leg 2 | 2 . . . . . . . . . . . . . Wheel . | . . . . . . . . . . . . . . Hover 3 | . 2 . . . . . . . . 1 . . . Flight 13 | . . 3 . 2 . 3 . . 2 1 . 1 1 Utility 21 | 1 . 4 . 1 1 3 . 1 1 2 2 . 5 Device 9 | . . 1 . . . 1 . 1 1 2 1 . 2 Storage 3 | 1 . . . . . 2 . . . . . . . Processor 4 | . . . . . . . . . . . 1 . 3 Hackware 4 | . . 2 . 1 1 . . . . . . . . Protection 1 | . . 1 . . . . . . . . . . . Artifact . | . . . . . . . . . . . . . . Weapon 11 | 2 . 4 . . . 2 . . 1 . . 1 1 Energy Gun . | . . . . . . . . . . . . . . Energy Cannon . | . . . . . . . . . . . . . . Ballistic Gun 5 | 2 . 2 . . . . . . 1 . . . . Ballistic Cannon 1 | . . . . . . . . . . . . 1 . Launcher 3 | . . 1 . . . 2 . . . . . . . Special Weapon 1 | . . 1 . . . . . . . . . . . Impact Weapon 1 | . . . . . . . . . . . . . 1 Slashing Weapon . | . . . . . . . . . . . . . . Piercing Weapon . | . . . . . . . . . . . . . . Special Melee Weapon . | . . . . . . . . . . . . . . Unidentified Prototypes 6 | . . 1 . . . 1 . . 2 . 1 1 . Parts Lost 33 | . . 1 . 1 . . 10 . 2 7 . 3 9 Power 4 | . . . . . . . 2 . . 2 . . . Propulsion 12 | . . . . 1 . . 2 . 1 4 . 1 3 Utility 11 | . . . . . . . 1 . 1 1 . 2 6 Weapon 6 | . . 1 . . . . 5 . . . . . . Highest Loss Streak 10 | . . 1 . 1 . . 10 . 1 7 . 3 9 To Critical Strikes . | . . . . . . . . . . . . . . Average Backups 3 | . 1 4 5 4 4 4 6 2 3 4 3 4 5 Power . | . . 1 1 1 . . . . . . . . 1 Propulsion . | . . . 1 . 1 1 2 1 . . . . . Utility 1 | . . 1 2 2 1 1 1 1 2 3 2 2 1 Weapon 1 | . . 1 1 1 1 1 1 . . . 1 1 1 Tool/Special . | . . . . . . . . . . . . . . Unused Backups 1 | . . . . . . . . . . . . . 1 Power 1 | . . . . . . . . . . . . . 1 Propulsion . | . . . . . . . . . . . . . . Utility . | . . . . . . . . . . . . . . Weapon . | . . . . . . . . . . . . . . Tool/Special . | . . . . . . . . . . . . . . Average Slot Usage (%) 71 | . 85 92 100 97 99 96 91 70 70 67 36 32 31 Engine 6 | . 14 11 11 9 14 13 9 . . . . . 1 Hover 1 | . 10 4 . . . . . . . . . . . Flight 22 | . . 25 33 34 30 33 31 33 35 31 15 12 7 Device 4 | . . . . . . . . 10 11 10 10 11 8 Storage 1 | . 14 2 . . . 3 5 . . . . . . Hackware 15 | . . 17 22 25 30 26 25 20 14 11 10 6 3 Ballistic Gun 15 | . 28 30 33 27 23 16 11 . 2 4 . . . Peak Build Rating 70 | 6 6 22 22 28 35 45 47 39 56 57 39 42 70 Average Rating 28 | 4 5 18 22 26 34 40 41 38 48 49 28 31 44 On Entrance 26 | . 6 6 22 22 28 35 45 31 39 52 28 33 27 Naked Turns 2 | . . . . . . . . . . . . . 2 Heaviest Build 30 | 11 11 11 7 7 14 25 25 16 30 30 2 8 10 Greatest Support 39 | 20 20 15 15 20 20 26 26 33 39 39 25 20 14 Greatest Overweight (x) 3 | 3 . 3 . . . . . . . . . . 1 Average Overweight (x) . | . . . . . . . . . . . . . . Largest Inventory Capacity 25 | 8 8 8 5 5 5 25 8 5 5 5 5 5 5 Average Capacity 5 | 7 7 5 5 5 5 6 7 5 5 5 5 5 5 Most Carried 7 | . 4 6 5 5 5 6 7 2 5 5 4 5 5 Average Carried 3 | . 1 4 5 4 4 5 6 2 3 3 3 4 4 Final Capacity 8 | 8 8 5 5 5 5 8 5 5 5 5 5 5 5 Final Carried 6 | . 3 5 5 4 5 6 3 2 5 4 3 5 5 Class Distribution -------------------- 76% | Hacker-Sprinter 14% | Mutant 5% | Hacker-Mutant 3% | Sprinter Dominant Class ---------------- Mutant | -10/Materials Hacker-Sprinter | -9/Materials Hacker-Sprinter | -9/Mines Hacker-Sprinter | -8/Materials Hacker-Sprinter | -7/Factory Hacker-Sprinter | -6/Factory Hacker-Sprinter | -6/Lower Caves Hacker-Sprinter | -6/Lower Caves Hacker-Sprinter | -5/Factory Hacker-Sprinter | -5/Extension Hacker-Sprinter | -4/Factory Hacker-Sprinter | -3/Research Sprinter | -2/Research Resources | -11 -10 -9 -9 -8 -7 -6 -6 -6 -5 -5 -4 -3 -2 ----------- Run | Yrd Mat Mat Min Mat Fac Fac Low Low Fac Ext Fac Res Res Matter Collected 877 | 208 11 174 . 98 60 . 105 131 21 3 . . 66 Remotely . | . . . . . . . . . . . . . . Salvage Created 521 | . 11 178 . . . . 255 . 21 . . . 56 Parts 23 | . 2 11 . . . . 6 . 2 . . . 2 Haulers Intercepted . | . . . . . . . . . . . . . . Recyclers Shooed . | . . . . . . . . . . . . . . Parts Field Recycled . | . . . . . . . . . . . . . . Retrieved Matter . | . . . . . . . . . . . . . . Parts Self-Destructed 1 | . . . . . . . 1 . . . . . . Prevented . | . . . . . . . . . . . . . . Kills | -11 -10 -9 -9 -8 -7 -6 -6 -6 -5 -5 -4 -3 -2 ------- Run | Yrd Mat Mat Min Mat Fac Fac Low Low Fac Ext Fac Res Res Combat Hostiles Destroyed 17 | . . 7 . . . . 9 . 1 . . . . Guns 5 | . . 3 . . . . 1 . 1 . . . . AOE 12 | . . 4 . . . . 8 . . . . . . Classes Destroyed 7 | . 1 3 . . . . 2 . . . . . 1 Recycler 1 | . . 1 . . . . . . . . . . . Operator 1 | . . . . . . . . . . . . . 1 Watcher 2 | . 1 . . . . . . . . . . . 1 Swarmer 9 | . . 6 . . . . 2 . 1 . . . . Grunt 6 | . . 1 . . . . 5 . . . . . . Brawler 1 | . . . . . . . 1 . . . . . . Sentry 1 | . . . . . . . 1 . . . . . . Best Kill Streak 8 | . 1 4 . . . . 8 . 1 . . . 1 Combat Bots Only 8 | . . 4 . . . . 8 . 1 . . . . Max Kills in Single Turn 3 | . 1 3 . . . . 3 . 1 . . . 1 Gunslinging . | . . . . . . . . . . . . . . Exploded 3 | . . 3 . . . . 3 . . . . . . Melee . | . . . . . . . . . . . . . . Uniques/NPCs Destroyed . | . . . . . . . . . . . . . . Combat | -11 -10 -9 -9 -8 -7 -6 -6 -6 -5 -5 -4 -3 -2 -------- Run | Yrd Mat Mat Min Mat Fac Fac Low Low Fac Ext Fac Res Res Hostile Shots Fired 412 | . 1 14 . 16 . 27 73 . 24 54 15 72 116 Missed 206 | . 1 7 . 3 . 17 39 . 10 26 10 41 52 Hits 206 | . . 7 . 13 . 10 34 . 14 28 5 31 64 Melee 7 | . . . . . . . . . . . . . 7 Projectile 199 | . . 7 . 13 . 10 34 . 14 28 5 31 57 AOE 1 | . . . . . . . . . . . . . 1 Critical Strikes 8 | . . . . 1 . . . . . 1 . 1 5 Damage Taken 4358 | . . 149 . 188 . 65 738 . 153 596 93 460 1916 Core 2246 | . . . . 96 . 5 165 . . 173 78 277 1452 Absorbed by Shields . | . . . . . . . . . . . . . . Core Remaining (%) 90 | 100 100 . 100 82 100 . . 80 . 82 93 78 . Volleys Fired 42 | . 3 7 . 7 7 . 9 . 7 . . 2 . Largest 3 | . 2 3 . 3 3 . 3 . 1 . . 1 . Hottest 85 | . 40 70 . 60 60 . 85 . 30 . . 54 . Shots Fired 97 | . 6 21 . 21 21 . 19 . 7 . . 2 . Gun 89 | . 6 20 . 21 21 . 14 . 7 . . . . Cannon 2 | . . . . . . . . . . . . 2 . Launcher 6 | . . 1 . . . . 5 . . . . . . Special . | . . . . . . . . . . . . . . Kinetic 91 | . 6 20 . 21 21 . 14 . 7 . . 2 . Thermal . | . . . . . . . . . . . . . . Explosive 6 | . . 1 . . . . 5 . . . . . . Electromagnetic . | . . . . . . . . . . . . . . Robot Hit Streak 8 | . 2 2 . 8 3 . 7 . 2 . . 2 . Robot Miss Streak 4 | . 1 4 . 2 4 . 4 . 1 . . 1 . Penetration Max . | . . . . . . . . . . . . . . Secondary Targets 1 | . . 1 . . . . . . . . . . . Max Gunslinging Chain 1 | . . 1 . . . . . . . . . . . Shots Hit Robots 52 | . 4 7 . 15 8 . 10 . 3 . . 1 4 Core Hits 63 | . 3 13 . 4 3 . 34 . 2 . . 1 3 Critical Kills . | . . . . . . . . . . . . . . Critical Parts Destroyed 1 | . . . . . . . . . . . . . 1 Critical Strikes 1 | . . . . . . . . . . . . . 1 Smash 1 | . . . . . . . . . . . . . 1 Melee Attacks 4 | . . . . . . . . . . . . . 4 Impact 4 | . . . . . . . . . . . . . 4 Slashing . | . . . . . . . . . . . . . . Piercing . | . . . . . . . . . . . . . . Sneak Attacks 1 | . . . . . . . . . . . . . 1 Combat Hostiles . | . . . . . . . . . . . . . . Follow-up Attacks . | . . . . . . . . . . . . . . Damage Inflicted 2091 | . 35 407 . 105 71 . 1050 . 176 . . 49 198 Guns 472 | . 35 95 . 105 71 . 56 . 110 . . . . Cannons 49 | . . . . . . . . . . . . 49 . Explosions 1372 | . . 312 . . . . 994 . 66 . . . . Melee 195 | . . . . . . . . . . . . . 195 Ramming 3 | . . . . . . . . . . . . . 3 Kinetic 521 | . 35 95 . 105 71 . 56 . 110 . . 49 . Thermal 224 | . . 224 . . . . . . . . . . . Explosive 1148 | . . 88 . . . . 994 . 66 . . . . Electromagnetic . | . . . . . . . . . . . . . . Impact 195 | . . . . . . . . . . . . . 195 Slashing . | . . . . . . . . . . . . . . Piercing . | . . . . . . . . . . . . . . Highest Corruption . | . . . . . . . . . . . . . . Average Corruption . | . . . . . . . . . . . . . . Corruption Purged . | . . . . . . . . . . . . . . Corruption Blocked . | . . . . . . . . . . . . . . Overload Shots . | . . . . . . . . . . . . . . Overflow Damage 161 | . . 60 . . . . 10 . 36 . . . 55 Projectiles . | . . . . . . . . . . . . . . Explosions 106 | . . 60 . . . . 10 . 36 . . . . Melee 55 | . . . . . . . . . . . . . 55 Knockbacks . | . . . . . . . . . . . . . . Impact . | . . . . . . . . . . . . . . Kinetic . | . . . . . . . . . . . . . . Secondary . | . . . . . . . . . . . . . . Self-Inflicted Damage 137 | . . 88 . . . . 48 . . . . . 1 Shots 4 | . . 1 . . . . 3 . . . . . . Rammed 1 | . . . . . . . . . . . . . 1 Targets Rammed 1 | . . . . . . . . . . . . . 1 Kicked . | . . . . . . . . . . . . . . Crushed . | . . . . . . . . . . . . . . Highest Temperature 211 | . 4 32 . 28 47 42 73 1 120 211 . 1 . Average Temperature 42 | . 3 14 . 13 19 12 26 1 53 101 . 1 . Received Heat Transfer 345 | . . 12 . . . 12 168 . . 51 . 48 54 Siege Activations . | . . . . . . . . . . . . . . Martial Activations . | . . . . . . . . . . . . . . Shielding Activations . | . . . . . . . . . . . . . . Robots Disrupted . | . . . . . . . . . . . . . . Combat Hostiles . | . . . . . . . . . . . . . . Robots Corrupted . | . . . . . . . . . . . . . . Combat Hostiles . | . . . . . . . . . . . . . . Parts Fried . | . . . . . . . . . . . . . . Impact Corruptions 1 | . . . . . . . . . . . . . 1 Robots Melted . | . . . . . . . . . . . . . . Combat Hostiles . | . . . . . . . . . . . . . . Parts Melted . | . . . . . . . . . . . . . . Heat Transferred 200 | . . 200 . . . . . . . . . . . Parts Sabotaged . | . . . . . . . . . . . . . . Parts Stolen . | . . . . . . . . . . . . . . Parts Stripped . | . . . . . . . . . . . . . . Power Chain Reactions . | . . . . . . . . . . . . . . Alert | -11 -10 -9 -9 -8 -7 -6 -6 -6 -5 -5 -4 -3 -2 ------- Run | Yrd Mat Mat Min Mat Fac Fac Low Low Fac Ext Fac Res Res Maximum Alert Level 1 | . . . . . . . . . 1 . . . . Low Security (%) 99 | 100 100 100 100 100 100 100 . . 97 100 100 100 100 Level 1 . | . . . . . . . . . 2 . . . . Level 2 . | . . . . . . . . . . . . . . Level 3 . | . . . . . . . . . . . . . . Level 4 . | . . . . . . . . . . . . . . Level 5 . | . . . . . . . . . . . . . . High Security . | . . . . . . . . . . . . . . Max Security . | . . . . . . . . . . . . . . Peak Influence 205 | . 7 172 30 20 45 20 . . 205 92 111 70 75 Initial 92 | . . . 30 11 4 . . . 73 92 . 54 39 Average 27 | . . 45 30 9 3 2 . . 135 58 6 34 24 Influence Increases 1289 | . 7 302 . 20 75 30 285 . 176 35 127 100 132 Destroy 0b10 Robot/C 360 | . . 140 . 20 . . 180 . 20 . . . . Destroy 0b10 Robot/NC 20 | . 5 5 . . . . . . . . . . 10 Destroy Leader 24 | . 2 20 . . . . . . . . . . 2 Successful Hack 22 | . . . . . . . . . . 5 7 10 . Disable Machine 75 | . . 45 . . . . . . 30 . . . . Destroy Structure 83 | . . 47 . . . . . . 36 . . . . Partial Spotted 150 | . . 15 . . 30 15 . . 30 15 . 15 30 Lose Combat Pursuer 555 | . . 30 . . 45 15 105 . 60 15 120 75 90 Influence Decreases 1234 | . 7 224 48 40 85 20 150 28 104 224 24 133 147 Entered New Map 326 | . . . 48 19 6 . 4 28 44 97 . 49 31 Time Decay 566 | . 7 214 . 20 34 20 46 . 40 50 24 54 57 Lost Part 276 | . . 10 . . . . 100 . 20 57 . 30 59 Lost Ally 21 | . . . . 1 . . . . . 20 . . . Purge Threat 45 | . . . . . 45 . . . . . . . . Squads Dispatched 11 | . . 2 . . 3 . . . 1 . 1 2 2 Investigation 4 | . . 2 . . . . . . . . . 2 . Extermination 2 | . . . . . 1 . . . . . 1 . . Reinforcement 5 | . . . . . 2 . . . 1 . . . 2 Assault . | . . . . . . . . . . . . . . Garrison . | . . . . . . . . . . . . . . Intercept . | . . . . . . . . . . . . . . Searches Triggered . | . . . . . . . . . . . . . . Construction Impeded . | . . . . . . . . . . . . . . Haulers Reinforced . | . . . . . . . . . . . . . . Active Scanning Responses . | . . . . . . . . . . . . . . Cargo Convoy Interrupts . | . . . . . . . . . . . . . . Stealth | -11 -10 -9 -9 -8 -7 -6 -6 -6 -5 -5 -4 -3 -2 --------- Run | Yrd Mat Mat Min Mat Fac Fac Low Low Fac Ext Fac Res Res Distress Signals 2 | . . . . . . . . . 1 1 . . . Communications Jammed . | . . . . . . . . . . . . . . Distress Signals . | . . . . . . . . . . . . . . Times Spotted 116 | . 5 10 . 3 4 4 22 . 13 10 11 9 25 Peak Tracking Total 21 | . 3 5 . 3 3 3 15 . 7 8 7 6 21 Tactical Retreats 14 | . . 2 . . 1 1 2 . 1 1 2 2 2 Traps | -11 -10 -9 -9 -8 -7 -6 -6 -6 -5 -5 -4 -3 -2 ------- Run | Yrd Mat Mat Min Mat Fac Fac Low Low Fac Ext Fac Res Res Traps Triggered . | . . . . . . . . . . . . . . Indirectly . | . . . . . . . . . . . . . . Trap Hack Attempts . | . . . . . . . . . . . . . . Triggered . | . . . . . . . . . . . . . . Disarmed . | . . . . . . . . . . . . . . Reprogrammed . | . . . . . . . . . . . . . . Reused . | . . . . . . . . . . . . . . Traps Extracted . | . . . . . . . . . . . . . . Installed . | . . . . . . . . . . . . . . Triggered . | . . . . . . . . . . . . . . Machines | -11 -10 -9 -9 -8 -7 -6 -6 -6 -5 -5 -4 -3 -2 ---------- Run | Yrd Mat Mat Min Mat Fac Fac Low Low Fac Ext Fac Res Res Machines Disabled 5 | . . 3 . . . . . . 2 . . . . Max in Single Turn 3 | . . 3 . . . . . . 1 . . . . Machines Repaired . | . . . . . . . . . . . . . . Machines Dismantled . | . . . . . . . . . . . . . . Machines Sabotaged . | . . . . . . . . . . . . . . Overloaded Fab Kills . | . . . . . . . . . . . . . . Hacking | -11 -10 -9 -9 -8 -7 -6 -6 -6 -5 -5 -4 -3 -2 --------- Run | Yrd Mat Mat Min Mat Fac Fac Low Low Fac Ext Fac Res Res Machines Accessed 14 | . 1 3 . . 3 1 . . 2 1 1 2 . Terminals 12 | . 1 3 . . 3 1 . . 2 1 1 . . Fabricators 1 | . . . . . . . . . . . . 1 . Repair Stations . | . . . . . . . . . . . . . . Recycling Units . | . . . . . . . . . . . . . . Scanalyzers . | . . . . . . . . . . . . . . Garrison Access 1 | . . . . . . . . . . . . 1 . Total Hacks 31 | . 2 7 . . 7 1 . . 4 2 2 6 . Successful 12 | . 2 . . . 5 . . . 1 1 1 2 . Failed 19 | . . 7 . . 2 1 . . 3 1 1 4 . Catastrophic 2 | . . . . . . . . . 1 . . 1 . Database Lockouts . | . . . . . . . . . . . . . . Manual 13 | . 1 4 . . 3 1 . . 2 . 2 . . Terminals 25 | . 2 7 . . 7 1 . . 4 2 2 . . Fabricators 3 | . . . . . . . . . . . . 3 . Repair Stations . | . . . . . . . . . . . . . . Recycling Units . | . . . . . . . . . . . . . . Scanalyzers . | . . . . . . . . . . . . . . Garrison Access 3 | . . . . . . . . . . . . 3 . Terminal Hacks 10 | . 2 . . . 5 . . . 1 1 1 . . Part Schematic 1 | . . . . . . . . . . . 1 . . Open Door 1 | . . . . . . . . . 1 . . . . Branch Access Points 2 | . . . . . 1 . . . . 1 . . . Unreport Threat 1 | . . . . . 1 . . . . . . . . Locate Traps 2 | . 1 . . . 1 . . . . . . . . Recall Reinforcements 1 | . . . . . 1 . . . . . . . . Zone Layout 2 | . 1 . . . 1 . . . . . . . . Fabricator Hacks 2 | . . . . . . . . . . . . 2 . Load Schematic 1 | . . . . . . . . . . . . 1 . Build 1 | . . . . . . . . . . . . 1 . Repair Station Hacks . | . . . . . . . . . . . . . . Recycling Unit Hacks . | . . . . . . . . . . . . . . Scanalyzer . | . . . . . . . . . . . . . . Garrison Access Hacks . | . . . . . . . . . . . . . . Unauthorized Hacks . | . . . . . . . . . . . . . . Terminals . | . . . . . . . . . . . . . . Fabricators . | . . . . . . . . . . . . . . Repair Stations . | . . . . . . . . . . . . . . Recycling Units . | . . . . . . . . . . . . . . Scanalyzers . | . . . . . . . . . . . . . . Garrison Access . | . . . . . . . . . . . . . . Data Cores Recovered . | . . . . . . . . . . . . . . Used . | . . . . . . . . . . . . . . Hacking Detections 12 | . 1 3 . . 2 1 . . 2 1 . 2 . Full Trace Events 4 | . . 2 . . . . . . . . . 2 . Feedback Events . | . . . . . . . . . . . . . . Feedback Blocked . | . . . . . . . . . . . . . . Robot Schematics Acquired . | . . . . . . . . . . . . . . Robots Built . | . . . . . . . . . . . . . . Authchips . | . . . . . . . . . . . . . . Time . | . . . . . . . . . . . . . . Total Robot Build Rating . | . . . . . . . . . . . . . . Part Schematics Acquired 1 | . . . . . . . . . . . 1 . . Parts Built 1 | . . . . . . . . . . . . 1 . Authchips . | . . . . . . . . . . . . . . Time 67 | . . . . . . . . . . . . 67 . Total Part Build Rating 4 | . . . . . . . . . . . . 4 . Parts Repaired . | . . . . . . . . . . . . . . Time . | . . . . . . . . . . . . . . Parts Recycled . | . . . . . . . . . . . . . . Recycled Matter . | . . . . . . . . . . . . . . Retrieved Matter . | . . . . . . . . . . . . . . Retrieved Components . | . . . . . . . . . . . . . . Parts Scanalyzed . | . . . . . . . . . . . . . . Part Schematics Acquired . | . . . . . . . . . . . . . . Parts Damaged . | . . . . . . . . . . . . . . Bothacking | -11 -10 -9 -9 -8 -7 -6 -6 -6 -5 -5 -4 -3 -2 ------------ Run | Yrd Mat Mat Min Mat Fac Fac Low Low Fac Ext Fac Res Res Used RIF Installer . | . . . . . . . . . . . . . . Robots Hacked . | . . . . . . . . . . . . . . Non-combat . | . . . . . . . . . . . . . . Combat . | . . . . . . . . . . . . . . Robot Hacks Applied . | . . . . . . . . . . . . . . Relay Couplers Released . | . . . . . . . . . . . . . . Fabnet Peak Effective % . | . . . . . . . . . . . . . . Robots Rewired . | . . . . . . . . . . . . . . Allies Hacked . | . . . . . . . . . . . . . . Hacks Repelled . | . . . . . . . . . . . . . . Allies | -11 -10 -9 -9 -8 -7 -6 -6 -6 -5 -5 -4 -3 -2 -------- Run | Yrd Mat Mat Min Mat Fac Fac Low Low Fac Ext Fac Res Res Total Allies 2 | . . . 2 . . . . . . . . . . Largest Group 2 | . . . . 2 . . . . . . . . . Highest-Rated Group 47 | . . . . 47 . . . . . . . . . Highest-Rated Ally 31 | . . . . 31 . . . . . . . . . Total Orders . | . . . . . . . . . . . . . . Ally Attacks 8 | . . . . 8 . . . . . . . . . Total Damage 126 | . . . . 126 . . . . . . . . . Kills 1 | . . . . 1 . . . . . . . . . Allies Corrupted . | . . . . . . . . . . . . . . Allies Melted . | . . . . . . . . . . . . . . Intel | -11 -10 -9 -9 -8 -7 -6 -6 -6 -5 -5 -4 -3 -2 ------- Run | Yrd Mat Mat Min Mat Fac Fac Low Low Fac Ext Fac Res Res Active Infowar (turns) 752 | . . . . . . . . . 65 122 565 . . Sensors 752 | . . . . . . . . . 65 122 565 . . Robot Analysis Total . | . . . . . . . . . . . . . . Derelict Logs Recovered 2 | . . . . . . . 2 . . . . . . Drone Launches 4 | . . . . . . . . . 2 2 . . . Drone Recoveries 2 | . . . . . . . . . 2 . . . . Exploration | -11 -10 -9 -9 -8 -7 -6 -6 -6 -5 -5 -4 -3 -2 ------------- Run | Yrd Mat Mat Min Mat Fac Fac Low Low Fac Ext Fac Res Res Turns Passed 2741 | 50 130 821 7 66 287 100 143 15 99 122 643 129 129 Spaces Moved 3693 | 37 127 376 23 146 567 341 444 52 346 384 346 246 258 Core 55 | 8 . 2 . . . . . . . . . . 45 Treads . | . . . . . . . . . . . . . . Legs 89 | 29 60 . . . . . . . . . . . . Wheels . | . . . . . . . . . . . . . . Hover 208 | . 67 141 . . . . . . . . . . . Flight 3341 | . . 233 23 146 567 341 444 52 346 384 346 246 213 Fastest Speed 20 | 50 56 29 29 26 26 23 23 23 20 20 29 32 32 Average Speed 30 | 114 86 40 29 26 26 23 23 23 20 22 30 32 37 Slowest Speed 200 | 200 120 200 29 27 26 24 26 23 20 29 32 35 100 Overloaded Moves 7 | . . . . . . . . . . . . . 7 Propulsion Burnouts . | . . . . . . . . . . . . . . Robots Hopped 8 | . . . . . . . . . 1 1 1 4 1 Potential Cave-ins . | . . . . . . . . . . . . . . Cave-ins Triggered . | . . . . . . . . . . . . . . Exploration Rate (%) 19 | 3 33 25 8 25 13 6 53 14 8 59 9 6 12 Regions Visited 13 Branch Regions 4 Pre-discovered Areas . | . . . . . . . . . . . . . . Known Exits Taken . | . . . . . . . . . . . . . . Unknown Exits Taken 13 | 1 1 1 1 1 1 1 1 1 1 1 1 1 . Scrap Searched 2 | . . . . . . . . 2 . . . . . Spaces Dug . | . . . . . . . . . . . . . . Terrain Destroyed 122 | . . 74 . . . . 30 . 18 . . . . Melee . | . . . . . . . . . . . . . . Projectile 2 | . . . . . . . . . 2 . . . . AOE 120 | . . 74 . . . . 30 . 16 . . . . Terrain Rammed . | . . . . . . . . . . . . . . Walls Destroyed . | . . . . . . . . . . . . . . Machines Disabled . | . . . . . . . . . . . . . . Actions | -11 -10 -9 -9 -8 -7 -6 -6 -6 -5 -5 -4 -3 -2 --------- Run | Yrd Mat Mat Min Mat Fac Fac Low Low Fac Ext Fac Res Res Total 5204 | 42 143 1031 22 159 693 362 460 53 367 420 883 288 281 Wait 1346 | . 5 621 . . 113 . . . . 26 535 40 6 Move 3664 | 36 126 375 22 145 566 340 443 51 343 381 343 237 256 Hop 8 | . . . . . . . . . 1 1 1 4 1 Pick Up 21 | . 3 5 . 2 3 4 . . 3 . . . 1 Fast Attach 38 | 6 . 10 . . . 3 . 1 3 2 2 3 8 Attach 32 | . 3 1 . 4 2 5 5 1 5 5 . . 1 Detach 21 | . 3 1 . 1 . 2 1 . 5 4 1 2 1 Swap 6 | . . 1 . . 1 2 2 . . . . . . Drop 21 | . . 10 . . 1 6 . . . 1 1 . 2 Fire 42 | . 3 7 . 7 7 . 9 . 7 . . 2 . Melee 4 | . . . . . . . . . . . . . 4 Ram 1 | . . . . . . . . . . . . . 1 Kick . | . . . . . . . . . . . . . . Crush . | . . . . . . . . . . . . . . Escape Stasis . | . . . . . . . . . . . . . . Rewire . | . . . . . . . . . . . . . . Trap . | . . . . . . . . . . . . . . Miscellaneous . | . . . . . . . . . . . . . . Route ------- -11/Scrapyard -10/Materials -9/Materials -9/Mines -8/Materials -7/Factory (discovered 3 exits: *Fac / Low x2) -6/Factory -6/Lower Caves -6/Lower Caves -5/Factory (discovered 2 exits: Upp / *Ext) -5/Extension (discovered 2 exits: *Fac / *Cet) -4/Factory -3/Research -2/Research History --------- Turn | Location | Event 2 | -11/Scrapyard | Met Revision 17 20 | -11/Scrapyard | Discovered new exit (range 16) 51 | -11/Scrapyard | Entered Materials 170 | -10/Materials | Discovered new exit (range 11) 181 | -10/Materials | Entered another Materials area 181 | -9/Materials | Evolved 2 slots: Propulsion x1, Weapon x1 318 | -9/Materials | Build established: Mutant 649 | -9/Materials | Build established: Hacker-Sprinter 998 | -9/Materials | Discovered new exit (range 11) 1002 | -9/Materials | Entered Mines 1005 | -9/Mines | Discovered new exit (range 14) 1009 | -9/Mines | Entered Materials 1009 | -8/Materials | Accompanied by 2 allies 1009 | -8/Materials | Evolved 2 slots: Propulsion x1, Utility x1 1014 | -8/Materials | Led the pair of lost Derelicts to an unsafe place 1072 | -8/Materials | Discovered new exit (range 10) 1075 | -8/Materials | Entered Factory 1075 | -7/Factory | Evolved 2 slots: Power x1, Utility x1 1110 | -7/Factory | Identified exit to Lower Caves 1358 | -7/Factory | Discovered new exit (range 15) 1362 | -7/Factory | Entered another Factory area 1362 | -6/Factory | Evolved 2 slots: Propulsion x1, Utility x1 1381 | -6/Factory | Found Prototype Launcher 1413 | -6/Factory | Identified Rocket Array 1456 | -6/Factory | Discovered new exit (range 10) 1462 | -6/Factory | Entered Lower Caves 1465 | -6/Lower Caves | Learned Factory stockpile data 1546 | -6/Lower Caves | Attracted the attention of an 0b10 outpost 1550 | -6/Lower Caves | Learned location of 1 exit from Factory 1581 | -6/Lower Caves | Destroyed 8 combat bots 1599 | -6/Lower Caves | Discovered new exit (range 13) 1605 | -6/Lower Caves | Entered another Lower Caves area 1613 | -6/Lower Caves | Encountered a Warlord checkpoint 1617 | -6/Lower Caves | Discovered new exit (range 12) 1620 | -6/Lower Caves | Entered Factory 1620 | -5/Factory | Evolved 2 slots: Propulsion x1, Utility x1 1621 | -5/Factory | Identified exit to Upper Caves 1621 | -5/Factory | Lost 10 parts (2p2n1u5w) 1718 | -5/Factory | Discovered new exit (range 6) 1719 | -5/Factory | Entered Extension 1780 | -5/Extension | Spotted B-75 Beast 1782 | -5/Extension | Spotted B-75 Beast 1800 | -5/Extension | Identified exit to Cetus 1836 | -5/Extension | Discovered new exit (range 16) 1841 | -5/Extension | Entered Factory 1841 | -4/Factory | Evolved 2 slots: Power x1, Utility x1 1868 | -4/Factory | Lost 7 parts (2p4n1u) 2448 | -4/Factory | Found Prototype Processor 2448 | -4/Factory | Identified Exp. Targeting Computer 2470 | -4/Factory | Discovered new exit (range 9) 2484 | -4/Factory | Entered Research 2484 | -3/Research | Evolved 2 slots: Power x1, Utility x1 2574 | -3/Research | Fabricated Cld. VTOL Module (x1) 2583 | -3/Research | Lost 3 parts (1n2u) 2601 | -3/Research | Discovered new exit (range 4) 2613 | -3/Research | Entered another Research area 2613 | -2/Research | Evolved 2 slots: Utility x2 2721 | -2/Research | Core integrity fell below 50% 2734 | -2/Research | Core integrity fell below 20% 2742 | -2/Research | Destroyed by S-43 Plague with Heavy Machine Gun Last Messages --------------- ALERT: Security rotation in progress. Hacking Suite severed. Knocked back. Penetrated by Slug. Knocked back. [Achievement: Hunted] Adv. Recalibrator destroyed. Acquired 10 matter. Penetrated by Slug. Slug penetrates Vacuum Chamber. Acquired Q-thruster. Q-thruster destroyed. Slammed into Y-72 Warden. Slug penetrates Y-72 Warden. Adv. Corruption Screen severed. Slug penetrates Door. Slug penetrates S-43 Plague. Penetrated by Slug. Slug penetrates Wall. Adv. Corruption Screen severed. Map ----- +----------------------------------------------------+ | ?????????????????????????????????????????????????? | | ?????????????????????????????????????????????????? | | ?????????????????????????????????????????????????? | | ?????????????????????????????????????????????????? | | ?????????????????????????????????????????????????? | | ?????????????????????????????????????????????????? | | ?????????????????????????????????????????????????? | | ?????????????????????????????????????????????????? | | ?????????????????????????????????????????????????? | | ?????????????????????????????????????????????????? | | ?????????????????????????????????????????????????? | | ?????????????????????????????????????????????????? | | ?????????????????????????????????????????????????? | | ?????????????????????????????????????????????????? | | ???????##########????????????????????????????????? | | ???????# #????????????????????????????????? | | ???????# #????????????????????????????????? | | ???????# #????????????????????????????????? | | ???????# """ #????########????????????????????? | | ???????# """ #????# #????????????????????? | | ???????# """ #????# #????????????????????? | | ???????# #????# #????????????????????? | | ???????# #????# * #????????????????????? | | ???????# #????# #????????????????????? | | ???????#####/####????# #????????????????????? | | ?????????# ##########@### #??????????????? | | ########## #??????????????? | | + ss +??????????????? | | ] # H## R #??????????????? | | # ## ############## #??????????????? | | " %+ #########????????????# ##??????????????? | | " # # #????????????? #???????????????? | | "" # + #?????????????? #???????????????? | | ?# # |#??????????????? #???????????????? | | ?# % #?#######????????????????#???????????????? | | ##### ##???????????????????????????????????????? | | ##= ######??????????????????????????????????? | | %* ??????????????????????????????? | | % ==% +?????????????????????????????? | | *%= ??????????????????????????????? | | ## ####### ??????????????????????????????? | | ##########???????? ??????????????????????????????? | | ?????????????????????????????????????????????????? | | ?????????????????????????????????????????????????? | | ?????????????????????????????????????????????????? | | ?????????????????????????????????????????????????? | | ?????????????????????????????????????????????????? | | ?????????????????????????????????????????????????? | | ?????????????????????????????????????????????????? | | ?????????????????????????????????????????????????? | +----------------------------------------------------+ Best States ------------- Heat Dissipation 62 Energy Generation 32 Energy Capacity 525 Matter Stores 300 Matter Capacity 300 Sight Range 16 Robot Scan Range 16 Terrain Scan Density 10 Additional Mass Support 9 Corruption Block 60 Evasion (%) 66 Offensive Hacking 40 Item Schematics ----------------- Cld. VTOL Module | -4/Factory | Hacked Robot Schematics ------------------ None Fabricated ------------ Cld. VTOL Module | x1 | -3/Research Repaired ---------- Nothing Alien Tech Used ----------------- None Achievements -------------- Can't Catch Me Dangerous Findings Hunted Just What I Needed Leap Before You Look Challenges ------------ None Game ------ Seed PlatingAlphaStreamer Manual? 0 Play Time 01:15:10 Cumulative 9.2 hours Start 2025.08.11 @ 20:19:18 End 2025.08.11 @ 21:35:34 Sessions 1 Manual Loads 0 Difficulty Rogue Special Mode None Game No. 17 Rogue 17 Adventurer 0 Explorer 0 Win Type - Total 0 Types 0/0/0/0/0/0/0/0/0/0 Lore% 2 Gallery% 14 Achievement% 17 Wizard Run 0 Options --------- Layout 1 ASCII 1 Keyboard 0 Movement Numpad Keybinds 0 Fullscreen 1 Font 24/Cog Map View 50x35 Zoom Use 0% Tactical HUD 0 Map Filters NONE Filters NONE Steam 0 RUN: 61d8e837-6bb6-43fe-ada7-34a3e6379542